 Dungeon Crawl Stone Soup version 0.26.1-11-gd32895ea62 (webtiles) character file.

Game seed: 16712212841464168261

4746 infcreate the Covert (level 10, -8/59 HPs)
             Began as a Vampire Enchanter on May 17, 2021.
             Was a Believer of Kikubaaqudgha.
             Killed by the air
             ... invoked by Gastronok
              (30 damage)
             ... on level 9 of the Dungeon.
             The game lasted 00:34:05 (12809 turns).

infcreate the Covert (Vampire Enchanter)           Turns: 12809, Time: 00:34:06

Health: -8/59      AC:  5    Str:  7    XL:     10   Next: 22%
Magic:  3/18       EV: 17    Int: 24    God:    Kikubaaqudgha [**....]
Gold:   436        SH:  0    Dex: 18    Spells: 2/20 levels left

rFire    + . .     SeeInvis +   E - +2 dagger (venom)
rCold    + + +     Faith    .   (no shield)
rNeg     + + +     Spirit   .   w - +2 robe {rC+ rF+}
rPois    ∞         Reflect  .   y - +0 helmet
rElec    .         Harm     .   u - scarf {repulsion}
rCorr    .         Rampage  .   (no gloves)
Will     +....                  (no boots)
Stlth    +++++++...             A - amulet of the acrobat
HPRegen  0.00/turn              I - +6 ring of intelligence
MPRegen  0.16/turn              Z - ring of wizardry

@: very slightly contaminated, bloodless, repel missiles
A: fangs 3, see invisible, unbreathing
a: Bat Form, Revivify, Renounce Religion, Receive Corpses


You were on level 9 of the Dungeon.
You worshipped Kikubaaqudgha.
Kikubaaqudgha was pleased with you.
You visited 2 branches of the dungeon, and saw 10 of its levels.

You collected 436 gold pieces.


Innate Abilities, Weirdness & Mutations

You do not regenerate when monsters are visible.
You are frail without blood (-20% HP).
You can heal yourself when you bite living creatures.
You are immune to poison.
You have razor-sharp teeth.
You have supernaturally acute eyesight. (SInv)
You can survive without breathing.


   Skills:
 + Level 5.3 Fighting
 + Level 6.4 Short Blades
 + Level 6.7 Dodging
 + Level 10.0 Stealth
 + Level 5.5 Spellcasting
 + Level 9.6 Hexes
 + Level 4.6 Necromancy


You had 2 spell levels left.
You knew the following spells:

 Your Spells              Type           Power        Failure   Level
c - Corona                Hex            57%          1%          1
d - Tukima's Dance        Hex            52%          1%          3
e - Ensorcelled Hibernat  Hex/Ice        58%          1%          2
f - Dazzling Flash        Conj/Hex       58%          1%          3
p - Pain                  Necr           100%         1%          1
r - Corpse Rot            Necr/Air       N/A          1%          2
t - Confusing Touch       Hex            52%          1%          3
v - Vampiric Draining     Necr           14%          1%          3

Your spell library contained the following spells:

 Spells                   Type           Power        Failure   Level
 Animate Skeleton         Necr           58%          1%          1
 Sublimation of Blood     Necr           14%          1%          2
 Apportation              Tloc           12%          3%          1
 Summon Small Mammal      Summ           24%          3%          1

Inventory:

Hand Weapons
 i - a +2 short sword of speed
 E - a +2 dagger of venom (weapon)
Armour
 u - a scarf of repulsion (worn)
 w - a +2 robe of resistance (worn)
 y - a +0 helmet (worn)
 H - a +2 robe of willpower
Jewellery
 A - an amulet of the acrobat (around neck)
 F - an uncursed ring of protection from fire
 G - an uncursed amulet of reflection
 I - a +6 ring of intelligence (left hand)
 Z - a ring of wizardry (right hand)
Wands
 a - a wand of acid (12)
 f - a wand of flame (11)
 r - a wand of paralysis (5)
 t - a wand of disintegration (13)
 v - a wand of polymorph (7)
 C - a wand of iceblast (11)
Scrolls
 c - 3 scrolls of magic mapping
 d - 11 scrolls of identify {@r1}
 j - 5 scrolls of teleportation {@r4}
 l - 5 scrolls of remove curse {@r2}
 o - a scroll of enchant armour
 s - a scroll of fog
Potions
 b - 2 potions of magic {unknown}
 e - 2 potions of lignification {unknown}
 h - 4 potions of curing {unknown}
 k - 3 potions of attraction
 m - a potion of brilliance {unknown}
 n - a potion of cancellation {unknown}
 p - 3 potions of heal wounds {unknown}
 q - a potion of mutation {unknown}
 x - a potion of resistance {unknown}
 z - 2 potions of might {unknown}
 B - a potion of degeneration {unknown}
 D - 2 potions of haste {@q3}
 K - 2 potions of flight {unknown}
Miscellaneous
 g - a phial of floods

Dungeon Overview and Level Annotations

Branches:
Dungeon (9/15)             Temple (1/1) D:6             Orc (0/2) D:9
   Lair: D:8-11

Altars:
Ashenzari
Cheibriados
Dithmenos
Elyvilon
Fedhas
Gozag
Hepliaklqana
Kikubaaqudgha
Makhleb
Nemelex Xobeh
Okawaru
Qazlal
Ru
Sif Muna
Trog
Uskayaw
Vehumet
Wu Jian
Xom
Yredelemnul
Zin
The Shining One

Shops:
D:4 !

Annotations:
D:9 Gastronok

...#... ..##... .. ..
....... .. ##.. .##
....... .. #... ..##
....... .. ... #...#
.....#.. ##..#.##...#
....##..##..##......#
........#..........##
................@w..#
......##.......#..###
...............####
................#
....).(##.......###
.........#...#....##
........##..##.....#
.###........##....##
.# ##.......##....##


You could see Gastronok (very poisoned).


Message History

You miscast Vampiric Draining.
Nothing appears to happen.
Unknown command.
Casting: Vampiric Draining (safe; 1% risk of failure)
Confirm with . or Enter, or press ? or * to list all spells.
Aiming: Vampiric Draining (safe; 1% risk of failure)
Press: ? - help, Shift-Dir - straight line, f/p - Gastronok
Aim: Gastronok, wearing a +1 hat of willpower (heavily wounded, extremely poisoned) Gastronok is heavily wounded.
You feel life coursing into your body. Gastronok bites you!
* * * LOW HITPOINT WARNING * * *
Casting: Vampiric Draining (safe; 1% risk of failure)
Confirm with . or Enter, or press ? or * to list all spells.
Aiming: Vampiric Draining (safe; 1% risk of failure)
Press: ? - help, Shift-Dir - straight line, f/p - Gastronok
Aim: Gastronok, wearing a +1 hat of willpower (heavily wounded, extremely poisoned) Gastronok is severely wounded.
You feel life coursing into your body.
Unknown command.
Casting: Vampiric Draining (safe; 1% risk of failure)
Confirm with . or Enter, or press ? or * to list all spells.
Aiming: Vampiric Draining (safe; 1% risk of failure)
Press: ? - help, Shift-Dir - straight line, f/p - Gastronok
Aim: Gastronok, wearing a +1 hat of willpower (severely wounded, very poisoned) Gastronok is severely wounded.
You feel life coursing into your body.
Gastronok waves his eye-stalks in wide circles.
The air twists around and strikes you!!
Ouch! That really hurt!
You die...
Kikubaaqudgha rasps: "You have failed me!
Welcome... oblivion!"

Skill      XL: |  1  2  3  4  5  6  7  8  9 10 |
---------------+-------------------------------+-----
Stealth        | 5 6 7 8 9 10 | 10.0
Hexes          | 5 6 7 8 9 |  9.6
Fighting       | 1 2 3 4 5 |  5.3
Short Blades   | 2 3 4 5 6 |  6.4
Dodging        | 3 4 5 6 |  6.7
Spellcasting   | 3 4 5 |  5.5
Necromancy     | 2 4 |  4.6

Action                   |  1- 3 |  4- 6 |  7- 9 | 10-12 || total
-------------------------+-------+-------+-------+-------++-------
Melee: Dagger            |    74 |    89 |   239 |    89 ||   491
       Bite              |     5 |     5 |    44 |     7 ||    61
       Short sword       |       |    13 |   121 |       ||   134
 Cast: Corona            |     9 |     5 |     7 |       ||    21
       Ensorcelled Hiber |    13 |    54 |    82 |    34 ||   183
       Tukima's Dance    |       |     1 |       |       ||     1
       Confusing Touch   |       |     4 |    29 |     7 ||    40
       Vampiric Draining |       |       |       |     3 ||     3
 Abil: Exsanguinate      |     1 |       |       |       ||     1
  Use: Scroll            |     1 |     7 |     3 |     3 ||    14
 Stab: Sleeping          |    18 |    46 |    71 |    22 ||   157
       Confused          |       |     4 |    23 |     4 ||    31
Armor: Robe              |     4 |     4 |    46 |    13 ||    67
       Leather armour    |       |     9 |     1 |       ||    10
Dodge: Dodged            |    42 |    37 |   186 |   111 ||   376
       Repelled          |       |       |     3 |     1 ||     4

Levels and vault maps discovered:
D:1:      psy_arrival_dodecagon, layout_basic
D:2:      layout_loops_corners, grunt_temple_overflow_holy_war, uniq_jessica,
          uniq_sigmund
D:3:      layout_basic, minmay_unequal, uniq_ijyb, uniq_natasha
D:4:      layout_gridville, serial_shops, kennysheep_little_box, moated_statue
D:5:      layout_gridville
D:6:      layout_layer_cave, lemuel_round_altar, eat_drink_and_be_merry_uskayaw,
          lemuel_round_altar, minmay_temple_entry_sparse_star,
          grunt_ministairs_6, uniq_crazy_yiuf_cottage
D:7:      layout_basic, grunt_temple_overflow_gold_and_silver,
          lemuel_coloured_pillars_altar, chequers_arboretum
D:8:      layout_cave_pods, kennysheep_mini_moat, grunt_decor_arrowhead,
          kennysheep_pointless_box
D:9:      layout_cave_pools, kennysheep_mini, old_standard_altar,
          lemuel_crystal_altar, orc_0_dummy, serial_gnoll_camp,
          gnoll_camp_mini_hut, gnoll_camp_mini_sergeant, gnoll_camp_mini_hut,
          gnoll_camp_mini_house, uniq_gastronok
Temple:   jpeg_temple_alley_garden

Notes
Turn   | Place    | Note
-------+----------+-------------------------------------------
     0 | D:1      | infcreate the Vampire Enchanter began the quest for the
                  | Orb.
     0 | D:1      | Reached XP level 1. HP: 13/13 MP: 3/3
   566 | D:1      | Reached XP level 2. HP: 15/16 MP: 3/5
   581 | D:1      | Learned a level 2 spell: Ensorcelled Hibernation
  1205 | D:2      | Noticed Jessica
  1209 | D:2      | Killed Jessica
  1210 | D:2      | Reached XP level 3. HP: 20/20 MP: 6/6
  1216 | D:2      | Learned a level 3 spell: Confusing Touch
  1355 | D:2      | Reached skill level 5 in Stealth
  1451 | D:2      | Reached skill level 5 in Hexes
  1555 | D:2      | Reached skill level 1 in Fighting
  1579 | D:2      | Found a glowing golden altar of the Shining One.
  1607 | D:2      | Found a basalt altar of Yredelemnul.
  1614 | D:2      | Noticed a profane servitor
  1664 | D:2      | Noticed an angel
  1666 | D:2      | HP: 2/20 [something (18)]
  2203 | D:2      | Reached XP level 4. HP: 21/25 MP: 2/7
  2261 | D:2      | Noticed Sigmund
  2307 | D:2      | Reached skill level 2 in Short Blades
  2956 | D:3      | Noticed Natasha
  3060 | D:3      | Reached skill level 3 in Dodging
  3199 | D:2      | Reached XP level 5. HP: 29/29 MP: 0/8
  3276 | D:3      | Learned a level 3 spell: Tukima's Dance
  3346 | D:2      | Killed Sigmund
  3347 | D:2      | Reached skill level 2 in Fighting
  3347 | D:2      | Reached XP level 6. HP: 19/35 MP: 5/10
  3592 | D:3      | Killed Natasha
  3767 | D:3      | Reached skill level 3 in Spellcasting
  3908 | D:3      | Noticed Ijyb
  3923 | D:3      | Killed Ijyb
  3924 | D:3      | Reached skill level 6 in Stealth
  4084 | D:3      | Noticed Natasha
  4110 | D:3      | Killed Natasha
  4111 | D:3      | Reached skill level 6 in Hexes
  4296 | D:3      | Noticed Natasha
  4320 | D:3      | Killed Natasha
  4321 | D:3      | Reached skill level 3 in Short Blades
  4600 | D:4      | Found Rimeoc's Distillery.
  5497 | D:4      | Reached XP level 7. HP: 38/40 MP: 6/11
  5827 | D:5      | Entered Level 5 of the Dungeon
  5885 | D:5      | Identified a +2 robe of resistance
  5897 | D:5      | Reached skill level 4 in Dodging
  6057 | D:5      | Learned a level 3 spell: Dazzling Flash
  6167 | D:5      | Identified a +1 robe of resistance
  6817 | D:5      | Reached skill level 3 in Fighting
  7184 | D:5      | Reached skill level 7 in Stealth
  7295 | D:5      | Reached skill level 4 in Short Blades
  7488 | D:6      | Reached skill level 7 in Hexes
  7610 | D:6      | Found a hide-covered altar of Uskayaw.
  7638 | D:6      | Reached XP level 8. HP: 43/46 MP: 10/13
  7828 | D:6      | Found a staircase to the Ecumenical Temple.
  7857 | Temple   | Entered the Ecumenical Temple
  8084 | Temple   | Became a worshipper of Kikubaaqudgha
  8494 | D:6      | Found a burning altar of Makhleb.
  8563 | D:6      | Found a bloodstained altar of Trog.
  8852 | D:6      | Found a runed translucent door.
  8853 | D:6      | Noticed Crazy Yiuf
  9106 | D:6      | Killed Crazy Yiuf
  9156 | D:7      | Noticed an unseen horror
  9182 | D:7      | Killed an unseen horror
  9183 | D:7      | Reached skill level 5 in Dodging
  9183 | D:7      | Reached skill level 8 in Stealth
  9183 | D:7      | Reached skill level 4 in Spellcasting
  9183 | D:7      | Reached skill level 2 in Necromancy
  9236 | D:7      | Reached skill level 4 in Fighting
  9530 | D:7      | Reached skill level 5 in Short Blades
  9590 | D:7      | Found a sacrificial altar of Ru.
  9620 | D:7      | Noticed a boulder beetle
  9633 | D:7      | Reached skill level 8 in Hexes
  9808 | D:7      | Reached XP level 9. HP: 52/52 MP: 12/15
 10007 | D:7      | Found an opulent altar of Gozag.
 10028 | D:7      | Found a glowing silver altar of Zin.
 10116 | D:7      | Killed a boulder beetle
 10117 | D:7      | Reached skill level 6 in Dodging
 10117 | D:7      | Reached skill level 9 in Stealth
 10117 | D:7      | Reached skill level 5 in Spellcasting
 10117 | D:7      | Reached skill level 3 in Necromancy
 10123 | D:7      | Reached * piety under Kikubaaqudgha
 10123 | D:7      | Identified Kikubaaqudgha's Tome of Black Magic
                  | (Kikubaaqudgha gifted it to you on level 7 of the Dungeon)
 10123 | D:7      | Received a gift from Kikubaaqudgha
 10129 | D:7      | Learned a level 1 spell: Pain
 10132 | D:7      | Learned a level 2 spell: Corpse Rot
 10136 | D:7      | Learned a level 3 spell: Vampiric Draining
 10579 | D:7      | Reached skill level 9 in Hexes
 10928 | D:8      | Reached skill level 6 in Short Blades
 10984 | D:8      | Reached skill level 4 in Necromancy
 11087 | D:8      | Reached skill level 5 in Fighting
 11178 | D:8      | Reached ** piety under Kikubaaqudgha
 11447 | D:8      | Found a white marble altar of Elyvilon.
 11681 | D:8      | Reached XP level 10. HP: 39/59 MP: 18/18
 12256 | D:9      | Found a shadowy altar of Dithmenos.
 12423 | D:9      | Found a sparkling altar of Nemelex Xobeh.
 12442 | D:9      | Found a radiant altar of Vehumet.
 12523 | D:9      | Reached skill level 10 in Stealth
 12556 | D:9      | Noticed a two-headed ogre
 12646 | D:9      | Found a staircase to the Orcish Mines.
 12801 | D:9      | Noticed Gastronok
 12809 | D:9      | Killed from afar by Gastronok

Vanquished Creatures
  A boulder beetle (D:7)
  An unseen horror (D:7)
  2 orc warriors
  An ice beast (D:7)
  2 phantoms
  A black bear (D:7)
  2 sky beasts
  An ogre (D:7)
  2 centaurs
  3 big kobolds (D:8)
  A bullfrog (D:7)
  2 gnoll sergeants
  A scorpion (D:5)
  9 killer bees
  5 wights
  A lava snake (D:8)
  3 hounds
  3 centaur skeletons
  6 orc wizards
  5 orc priests
  Crazy Yiuf (D:6)
  Ijyb (D:3)
  Jessica (D:2)
  Natasha (thrice) (D:3)
  6 worker ants
  2 hound skeletons
  2 howler monkey zombies
  9 gnolls
  11 adders
  5 shadow imps
  5 white imps
  3 ufetubi
  An ooze (D:6)
  4 adder skeletons
  3 worms
  2 dart slugs
  4 leopard geckos
  57 orcs
  6 bats
  5 giant cockroaches
  5 goblins
  5 hobgoblins
  13 jackals
  19 kobolds
  5 quokkas
  2 ball pythons
  6 frilled lizards
  A leopard gecko skeleton (D:9)
  A quokka skeleton (D:5)
  7 rats
247 creatures vanquished.

Vanquished Creatures (collateral kills)
  Sigmund (D:2)
1 creature vanquished.

Grand Total: 248 creatures vanquished

Table legend: (Time is in decaauts)
 A = Elapsed time spent in this place.
 B = Non-inter-level travel time spent in this place.
 C = Inter-level travel time spent in this place.
 D = Time resting spent in this place.
 E = Time spent auto-exploring this place.
 F = Levels seen in this place.
 G = Mean time per level.
                   A        B        C        D        E       F      G
               +--------+--------+--------+--------+--------+-----+--------+
         Total |  12660 |  11888 |    772 |   1237 |   8064 |  10 | 1266.0 |
       Dungeon |  12408 |  11702 |    706 |   1237 |   7880 |   9 | 1378.7 |
        Temple |    252 |    186 |     66 |      0 |    184 |   1 |  252.0 |
               +--------+--------+--------+--------+--------+-----+--------+

Top non-repeatable levels by time:
     D:2: 2037 daAuts
     D:7: 1548 daAuts
     D:8: 1547 daAuts
     D:6: 1535 daAuts
     D:4: 1517 daAuts
     D:3: 1413 daAuts
     D:5: 1216 daAuts
     D:1: 1109 daAuts
     D:9: 481 daAuts
  Temple: 252 daAuts

Table legend:
 A = Non-vault XP
 B = Vault XP
 C = Vault XP percentage of total XP
 D = Non-vault monster count
 E = Vault monster count
 F = Vault count percentage of total count
                 A         B        C        D         E       F
            +---------+---------+-------+---------+---------+-------
      Total |    6279 |     501 |   7.4 |     233 |      15 |   6.0
            +---------+---------+-------+---------+---------+-------
        D:1 |      27 |       0 |   0.0 |      14 |       0 |   0.0
        D:2 |      83 |     250 |  75.1 |      24 |       2 |   7.7
        D:3 |     129 |      83 |  39.2 |      21 |       7 |  25.0
        D:4 |     297 |       0 |   0.0 |      31 |       0 |   0.0
        D:5 |     387 |       0 |   0.0 |      29 |       0 |   0.0
        D:6 |     271 |      55 |  16.9 |      15 |       3 |  16.7
        D:7 |    2941 |       0 |   0.0 |      31 |       0 |   0.0
        D:8 |    1532 |       0 |   0.0 |      50 |       0 |   0.0
        D:9 |     612 |     113 |  15.6 |      18 |       3 |  14.3
            +---------+---------+-------+---------+---------+-------
